 Dungeon Crawl Stone Soup version 0.29.1-1-gd02db6906a (webtiles) character file.

Game seed: 12031226860584785795

49 mcbry74 the Chopper (level 3, -1/33 HPs)
             Began as a Minotaur Berserker on Sept 23, 2022.
             Was a Believer of Trog.
             Slain by a gnoll
             ... wielding a +0 flail
              (3 damage)
             ... on level 2 of the Dungeon.
             The game lasted 00:03:21 (1599 turns).

mcbry74 the Chopper (Minotaur Berserker)            Turns: 1599, Time: 00:03:22

Health: -1/33      AC:  7    Str: 21    XL:     3   Next: 53%
Magic:  2/2        EV: 10    Int:  6    God:    Trog [**....]
Gold:   81         SH:  0    Dex:  9    Spells: 2/2 levels left

rFire   . . .      SeeInvis .   a - +0 hand axe
rCold   . . .      Faith    .   (no shield)
rNeg    . . .      Spirit   .   j - +0 scale mail
rPois   .          Reflect  .   (helmet restricted)
rElec   .          Harm     .   (no cloak)
rCorr   .          Rampage  .   g - +0 pair of gloves
Will    .....                   (no boots)
Stlth   ..........              (no amulet)
HPRegen 0.11/turn               (no ring)
MPRegen 0.08/turn               (no ring)

@: no status effects
A: horns 2, retaliatory headbutt
a: Renounce Religion, Berserk, Trog's Hand


You were on level 2 of the Dungeon.
You worshipped Trog.
Trog was pleased with you.
You visited 1 branch of the dungeon, and saw 2 of its levels.

You collected 81 gold pieces.

Inventory:

Hand Weapons
 a - a +0 hand axe (weapon)
Missiles
 d - 27 stones (quivered)
Armour
 b - a +0 animal skin
 g - a +0 pair of gloves (worn)
 j - a +0 scale mail (worn)
Scrolls
 c - 2 scrolls of enchant weapon {unknown}
 h - 2 scrolls of fog {unknown}
 i - a scroll of blinking {unknown}
 k - a scroll of amnesia {unknown}
Potions
 e - a potion of curing {unknown}
 f - a potion of berserk rage {unknown}
 l - a potion of haste {unknown}


   Skills:
 - Level 4.0 Fighting
 * Level 4.5 Axes
 + Level 3.0 Armour
 + Level 2.8 Dodging


You had 2 spell levels left.
You didn't know any spells.
Your spell library was empty.

Dungeon Overview and Level Annotations

Branches:
Dungeon (2/15)

Altars:
Xom

Annotations:
D:1 1 runed translucent door


Innate Abilities, Weirdness & Mutations

You have a pair of horns on your head.
You reflexively headbutt those who attack you in melee.


Message History

You throw a stone. The stone hits the gnoll.
The gnoll is lightly wounded.
Throw: 30 stones
Press: ? - help, Q - select action, (/) - cycle Shift-Dir - straight line, f/p - gnoll
Aim: a gnoll, wielding a +0 flail (lightly wounded, 60% to hit)
You throw a stone. The stone closely misses the gnoll.
Throw: 29 stones
Press: ? - help, Q - select action, (/) - cycle Shift-Dir - straight line, f/p - gnoll
Aim: a gnoll, wielding a +0 flail (lightly wounded, 60% to hit)
You throw a stone. The stone completely misses the gnoll.
A gnoll comes into view. It is wielding a +0 flail.
Throw: 28 stones
Press: ? - help, Q - select action, (/) - cycle Shift-Dir - straight line, f/p - gnoll
Aim: a gnoll, wielding a +0 flail (lightly wounded, 60% to hit)
You throw a stone. The stone barely misses the gnoll.
The gnoll shouts!
You hit the gnoll. Your headbutt misses the gnoll.
The gnoll is moderately wounded.
A gnoll comes into view. It is wielding a +0 halberd.
The gnoll hits you with a +0 flail.
The gnoll shouts!
You hit the gnoll.
The gnoll is severely wounded.
The gnoll hits you with a +0 flail. x2
You hit the gnoll.
You kill the gnoll!
Trog accepts your kill.
Your Armour skill increases to level 3!
The gnoll hits you with a +0 flail.
You hit the gnoll but do no damage. The gnoll hits you with a +0 flail.
The gnoll hits you from afar with a +0 halberd.
You slash the gnoll!
The gnoll is heavily wounded.
The gnoll barely misses you. The gnoll hits you with a +0 flail.
The gnoll attacks as you move away! The gnoll hits you with a +0 flail!
* * * LOW HITPOINT WARNING * * *
You hit the gnoll but do no damage. Your headbutt misses the gnoll.
The gnoll is heavily wounded.
The gnoll hits you with a +0 flail.
You die...

... #.....# .g# #.....#
#.# #.....# #)# ###.###
#.########.#
#..g....##.####
#.#####.##....# ##
####.#####.###...### .#
#.....@gg..........# #
.#
#.##.##.##.......#.#...
.## #....##.#.##......#
..# #.......#.....#.###
#.####
####.##.#..##.#.# #.
#....## ...##.#.......#
#. ###...########
#####.......### #.
#.#.....)..# ###...###
#. #...######.# #...#
#####.


You could see 2 gnolls.

Vanquished Creatures
  A gnoll (D:2)
  3 ball pythons
  3 endoplasms
  A giant cockroach (D:1)
  4 goblins
  5 hobgoblins
  2 jackals (D:1)
  5 quokkas
  4 bats
  A frilled lizard (D:2)
  3 kobolds
  A rat (D:1)
33 creatures vanquished.

Notes
Turn   | Place    | Note
-------+----------+-------------------------------------------
     0 | D:1      | mcbry74 the Minotaur Berserker began the quest for the Orb.
     0 | D:1      | Reached XP level 1. HP: 19/19 MP: 0/0
     1 | D:1      | Found a runed translucent door.
   311 | D:1      | Reached XP level 2. HP: 19/27 MP: 1/1
  1198 | D:2      | Reached XP level 3. HP: 28/33 MP: 2/2
  1211 | D:2      | Reached ** piety under Trog
  1393 | D:2      | Found a faded altar of an unknown god.
  1447 | D:2      | Found a shimmering altar of Xom.
  1599 | D:2      | Slain by a gnoll

Illustrated notes

Levels and vault maps discovered:
D:1:      dpeg_arrival_caged_fury, layout_loops_ring
D:2:      layout_loops_cross, shapermc_ecumenical_altar_totnotflames,
          basic_altar

Skill      XL: |  1  2  3 |
---------------+----------+-----
Axes           | 4 |  4.5
Fighting       | 4 |  4.0
Armour         | 3 |  3.0
Dodging        | |  2.8

Action                   || total
-------------------------++-------
Melee: Hand axe          ||    87
       Headbutt          ||    14
Throw: Stone             ||     5
Armor: Animal skin       ||    14
       Scale mail        ||     5
Dodge: Dodged            ||    47
